 Dungeon Crawl Stone Soup version 0.29.1-12-g30fa7ad0bf (webtiles) character file.

Game seed: 12684328357292887639

1405 Peloso the Carver (level 8, -7/70 HPs)
             Began as a Minotaur Fighter on Dec 24, 2022.
             Was an Initiate of Okawaru.
             Mangled by a wyvern (10 damage)
             ... on level 7 of the Dungeon.
             The game lasted 00:08:53 (6074 turns).

Peloso the Carver (Minotaur Fighter)                Turns: 6074, Time: 00:08:55

Health: -7/70      AC: 11    Str: 20    XL:     8   Next: 42%
Magic:  7/7        EV:  7    Int:  5    God:    Okawaru [......]
Gold:   355        SH: 11    Dex: 19    Spells: 7/7 levels left

rFire   . . .      SeeInvis .   a - +0 long sword
rCold   . . .      Faith    .   d - +0 kite shield
rNeg    . . .      Spirit   .   h - +0 chain mail {Will+}
rPois   .          Reflect  .   (helmet restricted)
rElec   .          Harm     .   j - +0 cloak
rCorr   .          Rampage  .   (no gloves)
Will    +....                   (no boots)
Stlth   ..........              (no amulet)
HPRegen 0.21/turn               i - +6 ring of dexterity
MPRegen 0.10/turn               (no ring)

@: about to teleport, marked
A: horns 2, retaliatory headbutt
a: Renounce Religion


You were on level 7 of the Dungeon.
You worshipped Okawaru.
Okawaru was noncommittal.
You visited 2 branches of the dungeon, and saw 8 of its levels.

You collected 355 gold pieces.

Inventory:

Hand Weapons
 a - a +0 long sword (weapon)
 c - a +2 dagger of speed
Missiles
 v - 2 throwing nets (quivered)
Armour
 d - a +0 kite shield (worn)
 h - a +0 chain mail of willpower (worn)
 j - a +0 cloak (worn)
Magical Staves
 b - a staff of fire
Jewellery
 i - a +6 ring of dexterity (left hand)
 y - a ring of see invisible
Wands
 A - a wand of mindburst (14)
Scrolls
 f - a scroll of teleportation
 k - 2 scrolls of enchant weapon {unknown}
 m - 2 scrolls of silence
 o - 2 scrolls of identify
 p - 2 scrolls of fear {unknown}
 s - a scroll of summoning {unknown}
 w - a scroll of noise {unknown}
 x - a scroll of amnesia {unknown}
 z - a scroll of blinking {unknown}
Potions
 e - a potion of might
 g - a potion of resistance
 l - 4 potions of flight
 n - 2 potions of curing
 q - 2 potions of attraction {unknown}
 r - 2 potions of lignification {unknown}
 t - a potion of brilliance {unknown}
 u - a potion of heal wounds {unknown}
 B - a potion of haste {unknown}
 C - a potion of invisibility {unknown}


   Skills:
 + Level 5.7 Fighting
 + Level 8.7 Long Blades
 + Level 6.6 Armour
 + Level 2.6 Dodging
 + Level 0.4 Stealth
 + Level 5.9 Shields


You had 7 spell levels left.
You didn't know any spells.
Your spell library contained the following spells:

 Spells                   Type           Power      Damage    Failure   Level
 Apportation              Tloc           0%         N/A       100%        1
 Foxfire                  Conj/Fire      0%         2x1d4     100%        1
 Necrotise                Necr           0%         1d4       100%        1
 Conjure Flame            Conj/Fire      0%         6-21      100%        3
 Inner Flame              Hex/Fire       0%         N/A       100%        3
 Flame Wave               Conj/Fire      0%         2d4       100%        4
 Blade Hands              Tmut           0%         N/A       100%        5
 Irradiate                Conj/Tmut      0%         3d11      100%        5
 Dragon Form              Tmut           0%         N/A       100%        7
 Summon Small Mammal      Summ           Unusable   N/A       N/A         1

Dungeon Overview and Level Annotations

Branches:
Dungeon (7/15)             Temple (1/1) D:6

Altars:
Cheibriados
Gozag
Kikubaaqudgha
Makhleb
Nemelex Xobeh
Okawaru
Qazlal
Sif Muna
Uskayaw
Wu Jian
Xom
The Shining One

Shops:
D:4 [


Innate Abilities, Weirdness & Mutations

You have a pair of horns on your head.
You reflexively headbutt those who attack you in melee.


Message History

The wyvern is heavily wounded.
The wyvern bites you.
The howler monkey hoots and howls with incredible vigour!
You block the wyvern's attack.
An ufetubus comes into view.
An orc priest comes into view. It is wielding a +0 club.
You hit the wyvern but do no damage.
The wyvern is heavily wounded.
The wyvern bites you! x2
You barely miss the wyvern.
The wyvern is heavily wounded.
The wyvern bites you.
Unknown command.
You feel better. The wyvern bites you.
The orc priest looks braver for a moment.
An orc comes into view. It is wielding a +0 short sword.
The wyvern bites you!
Unknown command.
As you read the scroll of teleportation, it crumbles to dust.
You feel strangely unstable. You block the wyvern's attack.
The sky beast flickers out of sight!
Deactivating autopickup; reactivate with Ctrl-A.
You hit the wyvern. You headbutt the wyvern.
The wyvern is severely wounded.
The wyvern bites you!
* * * LOW HITPOINT WARNING * * *
You block the wyvern's attack.
You closely miss the wyvern.
You headbutt the wyvern, but do no damage.
The wyvern is severely wounded.
You block the wyvern's attack.
The bullfrog swells and bulges.
You block the wyvern's attack.
You barely miss the wyvern.
The wyvern is severely wounded.
The wyvern bites you!
* * * LOW HITPOINT WARNING * * *
A kobold brigand comes into view.
It is wielding a +0 club and quivering curare-tipped darts.
The wyvern bites you!
You die...

.............#.#
#####.........#.. .
#.#......../....#...
..
#.....##........#...♣
.....#.#..##.......#
#♣.
.....#.##.##########Y#
...>......{o.##......#
......###cs5..K......#
.......@lSsFo........#
###########F.........#
#......)...#
####.F.###.# ###.# #
.F# #.# .#


You could see a water moccasin, a wyvern, a kobold brigand, 2 bullfrogs, a
centaur, 2 scorpions, an orc priest, an orc and an ufetubus.

Vanquished Creatures
  2 black bears (D:5)
  2 ogres
  A bullfrog (D:7)
  A gnoll sergeant (D:5)
  A scorpion (D:4)
  3 necrophages
  4 hounds
  A jelly (D:5)
  2 orc priests
  An orc wizard (D:6)
  4 iguanas (D:5)
  A hound zombie (D:3)
  14 gnolls
  9 adders
  A shadow imp (D:5)
  A white imp (D:5)
  2 adder zombies (D:3)
  A worm (D:4)
  3 dart slugs
  16 orcs
  3 ball pythons
  6 endoplasms
  2 giant cockroaches
  13 goblins
  8 hobgoblins
  6 jackals
  5 kobolds
  A quokka (D:2)
  2 ball python zombies (D:3)
  2 bats (D:1)
  4 frilled lizards
  A jackal skeleton (D:3)
123 creatures vanquished.

Notes
Turn   | Place    | Note
-------+----------+-------------------------------------------
     0 | D:1      | Peloso the Minotaur Fighter began the quest for the Orb.
     0 | D:1      | Reached XP level 1. HP: 19/19 MP: 0/0
   174 | D:1      | Reached XP level 2. HP: 27/27 MP: 1/1
   539 | D:1      | Reached XP level 3. HP: 27/33 MP: 2/2
  1119 | D:2      | Reached skill level 1 in Dodging
  1127 | D:2      | Reached skill level 3 in Long Blades
  1483 | D:2      | Reached XP level 4. HP: 29/40 MP: 3/3
  1915 | D:2      | Reached skill level 4 in Long Blades
  2209 | D:3      | Reached XP level 5. HP: 26/47 MP: 4/4
  2912 | D:3      | Found a shimmering altar of Xom.
  3134 | D:4      | Identified the +10 whip of Honour {venom, Dex+7}
  3208 | D:4      | Reached skill level 5 in Armour
  3250 | D:4      | Reached XP level 6. HP: 51/53 MP: 5/5
  3375 | D:4      | Reached skill level 5 in Long Blades
  3610 | D:4      | Reached skill level 5 in Shields
  3650 | D:4      | Found Ipish's Antique Armour Shop.
  3667 | D:4      | Reached XP level 7. HP: 60/60 MP: 6/6
  4109 | D:5      | Entered Level 5 of the Dungeon
  4117 | D:5      | Reached skill level 6 in Long Blades
  4181 | D:5      | Reached skill level 5 in Fighting
  4584 | D:5      | Reached skill level 7 in Long Blades
  4937 | D:5      | Reached XP level 8. HP: 68/68 MP: 7/7
  4967 | D:5      | Reached skill level 8 in Long Blades
  5740 | D:6      | Found a staircase to the Ecumenical Temple.
  5763 | Temple   | Entered the Ecumenical Temple
  5784 | Temple   | Became a worshipper of Warmaster Okawaru
  6074 | D:7      | HP: 3/70 [wyvern (11)]
  6074 | D:7      | Mangled by a wyvern

Illustrated notes

Levels and vault maps discovered:
D:1:      minmay_arrival_jagged, layout_basic
D:2:      layout_loops_ring
D:3:      layout_rooms, mainiacjoe_overflow_alcove_1, serial_undead,
          serial_undead_a, serial_undead_c, serial_undead_d, serial_undead_b,
          nicolae_titane
D:4:      layout_basic, serial_shops, shop, minmay_distorted
D:5:      layout_loops_ring, kennysheep_dice
D:6:      layout_rooms, minmay_temple_entry_arrows
D:7:      nzn_winding_woodlands_medium [nzn_winding_woodlands_hourglass,
          nzn_winding_woodlands_5x15_zeroes, nzn_winding_woodlands_5x5_three,
          nzn_winding_woodlands_5x5_closed_star,
          nzn_winding_woodlands_center_pierced_h,
          nzn_winding_woodlands_5x5_cross,
          nzn_winding_woodlands_5x5_checkerboard,
          nzn_winding_woodlands_5x15_pool, nzn_winding_woodlands_5x5_perimeter],
          layout_basic, nicolae_overflow_hidden_temple, kennysheep_crisscross
Temple:   hellmonk_temple_of_storms

Skill      XL: |  1  2  3  4  5  6  7  8 |
---------------+-------------------------+-----
Fighting       | 4 5 |  5.7
Armour         | 4 5 6 |  6.6
Shields        | 4 5 |  5.9
Dodging        | 1 2 |  2.6
Long Blades    | 3 4 5 7 8 |  8.7
Stealth        | |  0.4

Action                   |  1- 3 |  4- 6 |  7- 9 || total
-------------------------+-------+-------+-------++-------
Melee: Long sword        |    69 |   148 |   148 ||   365
       Headbutt          |    14 |    26 |    31 ||    71
  Use: Scroll            |     2 |     4 |     2 ||     8
       Potion            |     1 |     1 |     1 ||     3
Armor: Scale mail        |    26 |    43 |       ||    69
       Chain mail        |       |    16 |    61 ||    77
Dodge: Dodged            |    49 |    56 |    45 ||   150
Block: Buckler           |    20 |    11 |       ||    31
       Kite shield       |       |    54 |    91 ||   145
